 Dungeon Crawl Stone Soup version 0.23.0-28-g6fe0f4d (webtiles) character file.

Game seed: 18074090716189611564

44 Borgoz the Ruffian (level 3, -1/29 (30) HPs)
             Began as a Ghoul Warper on Feb 25, 2019.
             Slain by an adder (4 damage)
             ... on level 2 of the Dungeon.
             The game lasted 00:02:03 (808 turns).

Borgoz the Ruffian (Ghoul Warper)                    Turns: 808, Time: 00:02:04

HP:   -1/29 (30)    AC:  3    Str: 14    XL:     3   Next: 60%
MP:   5/5           EV: 12    Int:  8    God:
Gold: 51            SH:  0    Dex:  9    Spells: 6/6 levels left

rFire    . . .     SeeInvis .     - Unarmed
rCold    + . .     Gourm    .   (no shield)
rNeg     + + +     Faith    .   a - +0 leather armour
rPois    ∞         Spirit   .   (no helmet)
rElec    .         Reflect  .   (no cloak)
rCorr    .         Harm     .   (no gloves)
MR       .....                  (no boots)
Stlth    +.........             (no amulet)
HPRegen  0.00/turn              (no ring)
MPRegen  0.09/turn              (no ring)

@: rotting
A: rotting body, claws 1, carnivore, cold resistance 1, negative energy
resistance 3, inhibited regeneration, torment resistance, unbreathing
a: no special abilities


You were on level 2 of the Dungeon.
You were not hungry.

You visited 1 branch of the dungeon, and saw 2 of its levels.

You collected 51 gold pieces.

Inventory:

Missiles
 d - 5 tomahawks of dispersal (quivered)
Armour
 a - a +0 leather armour (worn)
Scrolls
 b - 2 scrolls of magic mapping {unknown}
 c - a scroll of blinking
 h - a scroll of fog {unknown}
 i - a scroll of teleportation {unknown}
 j - 2 scrolls of remove curse {unknown}
 k - a scroll of fear {unknown}
Potions
 e - a potion of lignification
Comestibles
 f - 2 rations


   Skills:
 + Level 2.4 Fighting
 - Level 0.8 Throwing
 + Level 1.1 Armour
 + Level 2.3 Dodging
 + Level 3.1 Unarmed Combat
 + Level 2.1 Spellcasting
   Level 2.6 Translocations


You had 6 spell levels left.
You didn't know any spells.
Your spell library contained the following spells:

 Spells                   Type           Power        Failure   Level  Hunger
 Blink                    Tloc           N/A          22%         2    ###....
 Shroud of Golubria       Chrm/Tloc      #.........   36%         2    ###....
 Gell's Gravitas          Tloc           #.........   41%         3    ####...
 Lesser Beckoning         Tloc           #.........   41%         3    ####...
 Teleport Other           Tloc           #.......     41%         3    ####...
 Passage of Golubria      Tloc           N/A          82%         4    #####..


Dungeon Overview and Level Annotations

Branches:
Dungeon (2/15)

Altars:


Innate Abilities, Weirdness & Mutations

Your body is rotting away.
You thrive on raw meat.
You are immune to poison.
You have sharp fingernails.
You are carnivorous and can eat meat at any time.
Your flesh is cold resistant. (rC+)
You are immune to negative energy. (rN+++)
You do not regenerate when monsters are visible.
You are immune to unholy pain and torment.
You can survive without breathing.


Message History

The adder barely misses you.
Okay, then.
It was a potion of lignification.
You feel woody for a moment. The adder closely misses you.
You barely miss the adder.
The adder is heavily wounded.
The adder bites you.
* * * LOW HITPOINT WARNING * * *
You scratch the adder.
The adder is severely wounded.
The adder bites you.
* * * LOW HITPOINT WARNING * * *
You miss the adder.
The adder is severely wounded.
The adder barely misses you.
You scratch the adder.
The adder is severely wounded.
You feel your flesh rotting away. The adder bites you.
You die...

........## ### ..........
..# .........# ######.#
...$.....# #......#
......=..# #.#.####.#
!......?. .........####.#
........######.###.......#
........wS@......#..######
######+#.#####.#.#..#
#######.#.#.....#.#.)#
.......>..#.#.#.#.#..#
........#..<....#.#..######
#########.....###.#.(....<#
###.........#.#.#######
#......#.#........#
#..........#.#.#..#


You could see an adder and a dart slug.

Vanquished Creatures
  An adder (D:2)
  An ooze (D:1)
  A worm (D:2)
  A dart slug (D:1)
  2 giant cockroaches (D:1)
  3 goblins (D:1)
  4 hobgoblins
  5 kobolds
  3 bats (D:1)
  2 frilled lizards (D:1)
  3 rats (D:1)
26 creatures vanquished.

Notes
Turn   | Place    | Note
-------+----------+-------------------------------------------
     0 | D:1      | Borgoz the Ghoul Warper began the quest for the Orb.
     0 | D:1      | Reached XP level 1. HP: 17/17 MP: 2/2
   108 | D:1      | Reached XP level 2. HP: 20/24 MP: 4/4
   422 | D:1      | Reached XP level 3. HP: 30/30 MP: 5/5
   571 | D:1      | Reached skill level 1 in Armour
   749 | D:2      | Reached skill level 3 in Unarmed Combat
   808 | D:2      | Slain by an adder

Skill      XL: |  1  2  3 |
---------------+----------+-----
Dodging        | 2 |  2.3
Spellcasting   | 2 |  2.1
Armour         | 1 |  1.1
Unarmed Combat | 3 |  3.1
Fighting       | |  2.4
Throwing       | |  0.8
Translocations | |  2.6

Action                   || total
-------------------------++-------
Melee: Unarmed           ||   100
  Use: Potion            ||     1
  Eat: Chunk             ||     6
Armor: Leather armour    ||    20
Dodge: Dodged            ||    55
